 Dungeon Crawl Stone Soup version 0.21-a0-153-g78480df (webtiles) character file.

11841 tilp the Arsonist (level 11, -2/92 HPs)
             Began as a Hill Orc Fire Elementalist on July 31, 2017.
             Was a High Priest of Okawaru.
             Slain by a spiny frog (20 damage)
             ... on level 1 of the Lair of Beasts on Aug 1, 2017.
             The game lasted 01:00:36 (12548 turns).

tilp the Arsonist (Hill Orc Fire Elementalist)     Turns: 12548, Time: 01:00:37

Health: -2/92      AC: 15    Str: 12    XL:     11   Next: 84%
Magic:  11/15      EV: 15    Int: 22    God:    Okawaru [*****.]
Gold:   897        SH:  0    Dex: 13    Spells: 4/16 levels left

rFire    + . .     SeeInvis .   Z - staff of fire
rCold    . . .     Gourm    .   (no shield)
rNeg     . . .     Faith    .   k - +2 robe {MR+}
rPois    .         Spirit   .   P - +2 helmet
rElec    .         Reflect  .   Y - +2 cloak
rCorr    .         Harm     .   L - +2 pair of gloves
MR       +....                  x - +1 pair of boots
Stlth    ++........             (no amulet)
HPRegen  0.25/turn              Q - +4 ring of intelligence
MPRegen  0.14/turn              O - +3 ring of slaying

@: no status effects
A: agile 1, mutation resistance 1, screaming 1
a: Heroism, Finesse, Renounce Religion


You were on level 1 of the Lair of Beasts.
You worshipped Okawaru.
Okawaru was extremely pleased with you.
You were not hungry.

You visited 3 branches of the dungeon, and saw 13 of its levels.
You also visited: Ice Cave.

You collected 897 gold pieces.

Inventory:

Hand Weapons
 b - a +1 trident of protection
 r - a +1 dagger of venom
 F - a +3 scimitar of flaming
Missiles
 n - 14 tomahawks
 E - 4 silver tomahawks (quivered)
Armour
 k - a +2 robe of magic resistance (worn)
 x - a +1 pair of boots (worn)
 L - a +2 pair of gloves (worn)
 P - a +2 helmet (worn)
 Y - a +2 cloak (worn)
Magical Staves
 Z - an uncursed staff of fire (weapon)
Jewellery
 O - a +3 ring of slaying (right hand)
 Q - a +4 ring of intelligence (left hand)
 U - an uncursed ring of flight
Wands
 G - a wand of disintegration (8/24)
 J - a wand of lightning (5/15)
 K - a wand of polymorph (15/24)
 N - a wand of scattershot (3/9)
 T - a wand of digging (5/24)
Scrolls
 a - a scroll of noise {unknown}
 f - 2 scrolls of immolation {unknown}
 h - 2 scrolls of fear
 j - 4 scrolls of blinking
 m - 5 scrolls of fog
 q - a scroll of enchant weapon {unknown}
 s - a scroll of amnesia {unknown}
 B - a scroll of acquirement {unknown}
 I - 7 scrolls of teleportation
 W - a scroll of vulnerability {unknown}
Potions
 e - a potion of resistance {unknown}
 g - 2 potions of flight {unknown}
 i - 2 potions of cancellation {unknown}
 l - 2 potions of ambrosia {unknown}
 p - a potion of invisibility {unknown}
 t - 6 potions of curing
 z - 4 potions of mutation {unknown}
 A - 2 potions of heal wounds
 H - 4 potions of brilliance
 M - 2 potions of berserk rage {unknown}
 R - 2 potions of agility {unknown}
 S - 2 potions of degeneration {unknown}
Comestibles
 c - 7 bread rations


   Skills:
 + Level 7.4 Fighting
 + Level 5.5 Dodging
 - Level 1.5 Stealth
 - Level 3.1 Spellcasting
 * Level 10.6 Conjurations
 + Level 11.5 Fire Magic
 - Level 4.0 Invocations
 + Level 4.7 Evocations


You had 4 spell levels left.
You knew the following spells:

 Your Spells              Type           Power        Failure   Level  Hunger
a - Flame Tongue          Conj/Fire      #####        1%          1    None
b - Throw Flame           Conj/Fire      ######       1%          2    ##.....
c - Conjure Flame         Conj/Fire      ######..     1%          3    ###....
d - Animate Skeleton      Necr           N/A          12%         1    None
e - Apportation           Tloc           #.....       12%         1    None
f - Sticky Flame          Conj/Fire      ######..     1%          4    ####...


Dungeon Overview and Level Annotations

Branches:
Dungeon (11/15)            Temple (1/1) D:5            Lair (1/6) D:11
    Orc (0/2) D:10

Altars:
Ashenzari
Cheibriados
Dithmenos
Elyvilon
Fedhas
Gozag
Hepliaklqana
Kikubaaqudgha
Makhleb
Nemelex Xobeh
Okawaru
Qazlal
Ru
Sif Muna
Trog
Uskayaw
Vehumet
Wu Jian
Xom
Yredelemnul
Zin
The Shining One

Portals:
Trove: D:11 (give +5 fire dragon scales)


Innate Abilities, Weirdness & Mutations

You are agile. (Dex +2)
You are somewhat resistant to further mutation.
You occasionally shout uncontrollably at your foes.


Message History

Magic restored.
You start resting.
Your magical contamination has completely faded away.
You start resting.
You shout at the spiny frog!
A spiny frog comes into view.
The spiny frog croaks.
a - a scroll labeled GAANAI TOUMI You see here a glowing trident {god gift}.
b - a glowing trident {god gift}
Casting: Flame Tongue
Confirm with . or Enter, or press ? or * to list all spells.
Aiming: Sticky Flame
Press: ? - help, Shift-Dir - straight line, f - spiny frog
Aim: a spiny frog You feel a surge of power!
The sticky flame hits the spiny frog.
The spiny frog appears unharmed.
The spiny frog is covered in liquid flames!
The spiny frog burns!
The spiny frog stings you!!
You die...

≈≈≈,,....≈≈...............#
,,,,,.....................#
,,,,,,...$..[.............##
,******#...................# **
*#..................# *
#..................# *
*#.................# *** *
*##.......[.......###.**
##....F@..............,*
##...#.##.###.#<.......,,
##...####### ####.......,,
##....### *,.......,, #.......##
**,.......,, ##....#...####*
*,,.......,,
*#....#.#F....P#**,,.......,,
*#....#...#....##*,,,.......,,
***#.....%#.#......#,,,,.......,,


You could see a spiny frog (burning).

Vanquished Creatures
  Erolcha (D:11)
  A two-headed ogre (D:10)
  Erica (D:9)
  Nergalle (Lair:1)
  An unseen horror (D:11)
  3 centaur zombies
  A spiny frog (Lair:1)
  A centaur skeleton (D:10)
  A rime drake (IceCv)
  A redback zombie (D:10)
  2 trolls
  A hornet (D:8)
  2 hippogriffs
  A wyvern (D:8)
  Grum (D:9)
  Menkaure (D:7)
  A water moccasin (D:9)
  Duvessa (D:7)
  17 ice beasts
  2 orc warriors
  2 sky beasts
  2 necrophages
  2 black bears
  2 ogres
  3 centaurs
  3 wolves (D:9)
  A big kobold (D:7)
  8 bullfrogs
  4 scorpions
  A wyvern skeleton (D:10)
  Dowan (D:7)
  2 crimson imps
  A quasit (D:10)
  5 hounds
  3 bullfrog zombies
  3 orc priests
  3 jellies
  8 orc wizards
  3 bullfrog skeletons
  3 iguanas
  9 worker ants
  A hound zombie (D:6)
  A hound skeleton (D:3)
  10 adders
  3 shadow imps
  An adder zombie (D:9)
  6 worms
  A dart slug (D:2)
  3 leopard geckos
  32 orcs
  5 giant cockroaches
  7 hobgoblins
  26 jackals
  3 quokkas
  4 ball pythons
  7 bats
  8 frilled lizards
  4 goblins
  A jackal skeleton (D:8)
  18 kobolds
  A quokka zombie (D:6)
  9 rats
261 creatures vanquished.

Vanquished Creatures (collateral kills)
  A scorpion (D:9)
  An adder (D:7)
  A shadow imp (D:7)
  A leopard gecko (D:3)
  4 orcs
  A giant cockroach (D:4)
  A jackal (D:4)
  A kobold (D:3)
11 creatures vanquished.

Grand Total: 272 creatures vanquished

Notes
Turn   | Place    | Note
-------+----------+-------------------------------------------
     0 | D:1      | tilp the Hill Orc Fire Elementalist began the quest for the Orb.
     0 | D:1      | Reached XP level 1. HP: 14/14 MP: 3/3
   527 | D:1      | Reached XP level 2. HP: 20/20 MP: 1/5
   763 | D:1      | Learned a level 2 spell: Throw Flame
  1015 | D:1      | Reached XP level 3. HP: 26/26 MP: 6/6
  1023 | D:1      | Learned a level 3 spell: Conjure Flame
  1717 | D:2      | Found a hazy altar of Hepliaklqana.
  2074 | D:2      | Reached XP level 4. HP: 30/33 MP: 7/7
  2963 | D:3      | Reached XP level 5. HP: 28/38 MP: 6/8
  3253 | D:3      | Learned a level 1 spell: Animate Skeleton
  3255 | D:3      | Learned a level 1 spell: Apportation
  3312 | D:3      | Reached skill level 4 in Fire Magic
  3818 | D:4      | Noticed an ogre
  3834 | D:4      | Killed an ogre
  3834 | D:4      | Reached XP level 6. HP: 45/45 MP: 0/9
  4415 | D:4      | Reached skill level 5 in Fire Magic
  4422 | D:4      | Reached XP level 7. HP: 15/50 MP: 1/11
  4692 | D:4      | Learned a level 4 spell: Sticky Flame
  4696 | D:5      | Entered Level 5 of the Dungeon
  4727 | D:5      | Reached skill level 5 in Conjurations
  5105 | D:5      | Found a sparkling altar of Nemelex Xobeh.
  5203 | D:5      | Found a staircase to the Ecumenical Temple.
  5211 | Temple   | Entered the Ecumenical Temple
  5271 | Temple   | Became a worshipper of Warmaster Okawaru
  5708 | D:6      | Reached skill level 6 in Fire Magic
  5978 | D:6      | Reached XP level 8. HP: 56/57 MP: 7/12
  6410 | D:6      | Found a glowing golden altar of the Shining One.
  6536 | D:6      | Reached * piety under Okawaru
  6536 | D:6      | Reached skill level 7 in Fire Magic
  6737 | D:7      | Noticed Menkaure
  6741 | D:7      | Killed Menkaure
  6741 | D:7      | Reached skill level 1 in Fighting
  6850 | D:7      | Noticed Dowan
  6851 | D:7      | Noticed Duvessa
  6858 | D:7      | Killed Dowan
  6928 | D:7      | Gained mutation: You are somewhat resistant to further mutation. [mutagenic meat]
  6931 | D:7      | Gained mutation: You are agile. (Dex +2) [mutagenic meat]
  6932 | D:7      | Gained mutation: You occasionally shout uncontrollably at your foes. [mutagenic meat]
  7145 | D:7      | Reached skill level 8 in Fire Magic
  7202 | D:7      | Killed Duvessa
  7347 | D:7      | Reached XP level 9. HP: 68/69 MP: 9/13
  7457 | D:7      | Found a shimmering altar of Xom.
  7472 | D:7      | Reached ** piety under Okawaru
  7716 | D:8      | Reached skill level 1 in Invocations
  7726 | D:8      | Found a radiant altar of Vehumet.
  7973 | D:8      | Reached skill level 9 in Fire Magic
  8325 | D:8      | Reached skill level 1 in Evocations
  8464 | D:8      | Noticed a hornet
  8470 | D:8      | Killed a hornet
  8470 | D:8      | Reached XP level 10. HP: 64/80 MP: 4/14
  8659 | D:9      | Reached *** piety under Okawaru
  8912 | D:9      | Reached skill level 5 in Fighting
  9178 | D:9      | Noticed Grum
  9342 | D:9      | Killed Grum
  9641 | D:9      | Noticed Erica
  9654 | D:9      | Killed Erica
  9654 | D:9      | Reached skill level 10 in Fire Magic
  9732 | D:9      | Reached **** piety under Okawaru
  9968 | D:10     | Entered Level 10 of the Dungeon
  9968 | D:10     | Found a shadowy altar of Dithmenos.
 10349 | D:10     | Reached XP level 11. HP: 62/89 MP: 5/15
 10476 | D:10     | Found a staircase to the Orcish Mines.
 10625 | D:10     | Noticed a two-headed ogre
 10631 | D:10     | Killed a two-headed ogre
 10631 | D:10     | Reached ***** piety under Okawaru
 10851 | D:11     | Reached skill level 11 in Fire Magic
 10880 | D:11     | Noticed Erolcha
 10906 | D:11     | Killed Erolcha
 11045 | D:11     | Reached skill level 10 in Conjurations
 11121 | D:11     | Reached skill level 5 in Dodging
 11522 | D:11     | Found a portal to a secret trove of treasure.
 11563 | D:11     | Found a staircase to the Lair.
 11831 | D:11     | Noticed an unseen horror
 11837 | D:11     | Killed an unseen horror
 11958 | Lair:1   | Entered Level 1 of the Lair of Beasts
 11983 | Lair:1   | Found a frozen archway.
 11985 | Lair:1   | Noticed Nergalle
 11996 | Lair:1   | Received a gift from Okawaru
 12014 | Lair:1   | Killed Nergalle
 12095 | IceCv    | Entered an ice cave
 12480 | IceCv    | HP: 1/92 [ice beast[an ice statue] (14)]
 12548 | Lair:1   | Slain by a spiny frog

Vault maps used:
D:1:      evilmike_arrival_hilbert_curve
D:2:      old_standard_altar
D:3:      patterned_corridor
D:4:      serial_glass, glass_columns_b, glass_columns_b, glass_columns_c,
          glass_columns_a
D:5:      nemelex_xobeh_ov_fountains_minmay, minmay_temple_entry_fiery,
          first_bread, palyth_stone_intersect
D:6:      tso_oasis_becter
D:7:      xom_teletrap_fun, uniq_duvessa, uniq_menkaure
D:8:      vehumet_crystals
D:9:      uniq_grum, uniq_erica
D:10:     orc_0_dummy, basic_altar
D:11:     lair_entry_dummy, enter_trove_6, uniq_erolcha
Temple:   minmay_crystal_spiral_temple
Lair:1:   portal_ice_cave_entry_pillars_2, lemuel_fruit_tree,
          lemuel_fruit_fields, serial_bayou_shore_a, grunt_megastairs_4,
          infiniplex_staircase_pool_2, serial_bayou_shore_b, uniq_nergalle,
          uniq_sonja
IceCv:    ice_cave_small_dragons

Skill      XL: |  1  2  3  4  5  6  7  8  9 10 11 |
---------------+----------------------------------+-----
Spellcasting   | 2 3 |  3.1
Conjurations   | 2 3 4 5 7 8 9 10 | 10.6
Fire Magic     | 4 5 6 8 9 10 11 | 11.5
Fighting       | 3 4 6 7 |  7.4
Dodging        | 2 3 4 5 |  5.5
Invocations    | 3 4 |  4.0
Evocations     | 1 3 4 |  4.7
Stealth        | |  1.5

Action                   |  1- 3 |  4- 6 |  7- 9 | 10-12 || total
-------------------------+-------+-------+-------+-------++-------
Melee: Dagger            |    78 |   115 |   243 |    15 ||   451
       Staff             |       |       |    54 |   258 ||   312
Throw: Tomahawk          |     3 |     2 |     4 |     5 ||    14
 Cast: Flame Tongue      |    42 |    50 |    61 |    94 ||   247
       Conjure Flame     |       |     4 |     6 |    12 ||    22
       Animate Skeleton  |       |    13 |    18 |    19 ||    50
       Sticky Flame      |       |       |    13 |    26 ||    39
       Throw Flame       |       |       |     8 |    20 ||    28
  Use: Scroll            |       |     7 |     8 |     4 ||    19
       Potion            |       |       |     1 |       ||     1
 Stab: Sleeping          |     1 |     2 |     1 |       ||     4
       Distracted        |       |     1 |       |       ||     1
  Eat: Chunk             |     4 |     9 |    12 |     2 ||    27
       Meat ration       |       |       |     1 |       ||     1
       Royal jelly       |       |       |     3 |     4 ||     7
       Bread ration      |       |       |       |     2 ||     2
       Fruit             |       |       |       |     1 ||     1
Armor: Robe              |    11 |     5 |       |   177 ||   193
       Leather armour    |       |    15 |   146 |       ||   161
Dodge: Dodged            |    56 |    69 |   174 |   292 ||   591
